 Dungeon Crawl Stone Soup version 0.25-a0-366-g516bc45ae0 (webtiles) character file.

Game seed: 16114690068810364968, levelgen mode: deterministic

95746 DerDa the Eclecticist (level 16, -7/87 HPs)
             Began as a Vine Stalker Fighter on Jan 6, 2020.
             Was the Champion of Okawaru.
             Hit by a silver javelin thrown by a minotaur (20 damage)
             ... in a Gauntlet.
             The game lasted 01:09:31 (18150 turns).

DerDa the Eclecticist (Vine Stalker Fighter)       Turns: 18150, Time: 01:09:38

Health: -7/87      AC: 29    Str: 28    XL:     16   Next: 15%
Magic:  0/36       EV: 22    Int:  8    God:    Okawaru [******]
Gold:   1090       SH: 17    Dex: 27    Spells: 45/45 levels left

rFire    + . .     SeeInvis .   x - +11 mace of Monutiz {crush, *Noise +Blink rPois Str+3}
rCold    + . .     Gourm    .   I - +1 shield {AC+3}
rNeg     . . .     Faith    +   G - +3 chain mail of Parlour Games {Dex+4 Slay+4}
rPois    +         Spirit   +   k - +3 helmet "Zamm" {Dex+4}
rElec    .         Reflect  .   c - scarf {rC+ rF+}
rCorr    .         Harm     .   r - +0 pair of gloves
MR       ++...     NoTele   +   W - +2 pair of boots {run}
Stlth    +.........             e - amulet of faith
HPRegen  1.04/turn              a - +4 ring of strength
MPRegen  0.25/turn              P - ring of poison resistance

@: heroism, finesse, studying Fighting, quick
A: fangs 3, regeneration 2, magic shield, antimagic bite, no potion heal 3, rot
immunity
a: Heroism, Finesse, Renounce Religion, Evoke Blink


You were in a Gauntlet.
You worshipped Okawaru.
Okawaru was exalted by your worship.
You were hungry.

You visited 4 branches of the dungeon, and saw 21 of its levels.
You also visited: Gauntlet.

You collected 2126 gold pieces.
You spent 1036 gold pieces at shops.

Inventory:

Hand Weapons
 o - a +0 hunting sling
 x - the +11 mace of Monutiz (weapon) {crush, *Noise +Blink rPois Str+3}
   (You found it on level 5 of the Lair of Beasts)

   It inflicts extra damage upon your enemies.
   It affects your strength (+3).
   It protects you from poison.
   It lets you blink.
   It may make noises in combat.
 S - the +9 sword of Zonguldrok {reap}
   (You found it on level 9 of the Dungeon)

   If a monster killed with it leaves a corpse in good enough shape, the corpse
   will be animated as a zombie friendly to the killer.
Missiles
 l - 592 stones (quivered)
Armour
 c - a scarf of resistance (worn)
 k - the +3 helmet "Zamm" (worn) {Dex+4}
   (Okawaru gifted it to you on level 6 of the Lair of Beasts)

   It affects your dexterity (+4).
 r - a +0 pair of gloves (worn)
 G - the +3 chain mail of Parlour Games (worn) {Dex+4 Slay+4}
   (You bought it in a shop on level 6 of the Dungeon)

   It affects your dexterity (+4).
   It affects your accuracy and damage with ranged weapons and melee attacks
   (+4).
 I - a +1 shield of protection (worn)
 W - a +2 pair of boots of running (worn)
Jewellery
 a - a +4 ring of strength (left hand)
 b - an uncursed ring of resist corrosion
 e - an amulet of faith (around neck)
 j - the ring of Otralefi {rN+ MR+ Str+3, unknown}
   (You found it in a Gauntlet)

   [ring of protection from magic]

   It affects your strength (+3).
   It protects you from negative energy.
   It affects your resistance to hostile enchantments.
 C - an uncursed ring of flight
 P - a ring of poison resistance (right hand)
Wands
 m - a wand of flame (18)
 t - a wand of scattershot (3)
 u - a wand of polymorph (4)
 B - a wand of enslavement (6)
 N - a wand of iceblast (7)
 O - a wand of disintegration (15)
 V - a wand of acid (10)
Scrolls
 g - a scroll of enchant armour
 h - 9 scrolls of teleportation
 i - 9 scrolls of remove curse
 w - 6 scrolls of magic mapping
 y - 3 scrolls of fog
 A - 7 scrolls of blinking
Potions
 d - 3 potions of might
 n - 7 potions of curing
 p - 5 potions of agility
 s - 3 potions of haste {unknown}
 D - a potion of invisibility {unknown}
 H - a potion of brilliance {unknown}
 J - a potion of lignification {unknown}
 L - 4 potions of flight {unknown}
 T - a potion of berserk rage {unknown}
 Y - a potion of magic {unknown}
 Z - a potion of resistance {unknown}
Books
 Q - a manual of Fighting
Miscellaneous
 R - a fan of gales (inert)
Comestibles
 f - 32 rations


   Skills:
 + Level 11.2(16.2) Fighting
 - Level 1.7(6.7) Long Blades
 + Level 9.8(14.8) Armour
 + Level 9.2(14.2) Dodging
 + Level 10.7(15.7) Shields
 * Level 15.1 Spellcasting
 + Level 6.8 Invocations
 + Level 6.1 Evocations


You had 45 spell levels left.
You didn't know any spells.
Your spell library contained the following spells:

 Spells                   Type           Power        Failure   Level  Hunger
 Infusion                 Chrm           #...         32%         1    None
 Magic Dart               Conj           #...         32%         1    None
 Shock                    Conj/Air       #...         32%         1    None
 Blink                    Tloc           N/A          43%         2    None
 Call Imp                 Summ           #.......     43%         2    None
 Shroud of Golubria       Chrm/Tloc      #.....       43%         2    None
 Slow                     Hex            #.......     43%         2    None
 Song of Slaying          Chrm           #.......     43%         2    None
 Swiftness                Chrm/Air       #.......     43%         2    None
 Conjure Flame            Conj/Fire      #.......     67%         3    ##.....
 Mephitic Cloud           Conj/Pois/Air  #.......     67%         3    ##.....
 Ozocubu's Armour         Chrm/Ice       #.......     67%         3    ##.....
 Portal Projectile        Hex/Tloc       #.....       67%         3    ##.....
 Spectral Weapon          Hex/Chrm       #.......     67%         3    ##.....
 Static Discharge         Conj/Air       #.......     67%         3    ##.....
 Airstrike                Air            #.........   97%         4    ####...
 Lightning Bolt           Conj/Air       #.........   100%        5    #####..
 Silence                  Hex/Air        #.........   100%        5    #####..
 Ring of Flames           Chrm/Fire      #.........   100%        7    #######


Dungeon Overview and Level Annotations

Branches:
Dungeon (12/15)            Temple (1/1) D:5            Lair (6/6) D:8
  Swamp (0/4) Lair:4        Snake (0/4) Lair:4        Slime (0/5) Lair:6
    Orc (2/2) D:11            Elf (0/3) Orc:2       Gauntlet (1/1)

Altars:
Ashenzari
Cheibriados
Dithmenos
Elyvilon
Fedhas
Gozag
Hepliaklqana
Kikubaaqudgha
Makhleb
Nemelex Xobeh
Okawaru
Qazlal
Ru
Sif Muna
Trog
Uskayaw
Vehumet
Wu Jian
Xom
Yredelemnul
Zin
The Shining One
Jiyva

Shops:
D:6 ([   D:8 %   D:9 :   Orc:2 [:!*(

Portals:
Pandemonium: Orc:2
Trove: D:10 (give 16 scrolls of teleportation)

Annotations:
Gauntlet 7 transporters


Innate Abilities, Weirdness & Mutations

You have razor-sharp teeth.
You heal very quickly.
When hurt, damage is shared between your health and your magic reserves.
Your bite disrupts and absorbs the magic of your enemies.
Potions cannot restore your health.
You are immune to rotting.


Message History

A minotaur opens the door.
There is a gate leading back out of this place here.
Items here: )) : ??? | } Evoke which item? (* to show all) (? for menu, Esc to quit)
Aiming: Corrosive Bolt
Press: ? - help, Shift-Dir - straight line, f - you
Okay, then.
Evoke which item? (* to show all) (? for menu, Esc to quit)
You open the lid... ...and a larval shockfire beast leaps out!
The now-empty box falls apart.
Evoke which item? (* to show all) (? for menu, Esc to quit)
Okay, then.
You can now deal lightning-fast blows.
Your juvenile fireox beast hits the minotaur but does no damage.
Your juvenile fireox beast completely misses the minotaur.
The minotaur throws a silver javelin.
The silver javelin pierces through your juvenile fireox beast!
The silver javelin pierces through you!!
You die...

#≈...............≈#
#####.###.###.#####
##.###.###.###
#.....H.......#
#.###.###(###.#
#.....(.(.....#
#######'#######
##H### #..H@#
+⌠...# #.H.⌠+
#.⌠..# ##+###


You could see a minotaur and 2 friendly mutant beasts.

Vanquished Creatures
  Saint Roka (Orc:1)
  An orc warlord (Orc:1)
  The ghost of Piotekh the Fencer, a journeyman MiFi of Okawaru (Orc:1)
  A stone giant (Orc:2)
  3 entropy weavers (Lair:5)
  Snorg (D:11)
  Josephine (D:12)
  Erolcha (D:12)
  8 hydras
  3 ghost crabs (Lair:5)
  Erica (Orc:1)
  3 catoblepae (Lair:6)
  11 death yaks
  5 two-headed ogres
  5 orc high priests (Orc:2)
  A sun demon (Orc:2)
  A soul eater (Orc:2)
  5 fire crabs (Lair:5)
  A gelid demonspawn (Orc:2)
  An infernal demonspawn (Orc:1)
  2 torturous demonspawn (Orc:2)
  An orange crystal statue (Gauntlet)
  6 orc knights
  7 orc sorcerers
  A deep elf mage (D:12)
  3 manticores
  An ugly thing (D:12)
  3 centaur zombies
  6 black mambas
  11 elephants
  A gargoyle (D:11)
  2 torpor snails
  An apocalypse crab (Lair:5)
  A smoke demon (Orc:2)
  6 komodo dragons
  17 spiny frogs
  3 rime drakes
  A red devil (Orc:2)
  4 trolls
  2 polar bears
  2 bog bodies (Lair:4)
  17 blink frogs
  5 hippogriffs
  8 dream sheep
  2 large abominations (Gauntlet)
  7 wraiths
  3 spriggans
  A vampire (D:11)
  4 basilisks
  3 wyverns
  43 yaks
  Eustachio (D:4)
  2 chaos spawn (Orc:2)
  A neqoxec (Orc:2)
  A vampire mosquito (D:8)
  5 wargs (Orc:1)
  Menkaure (D:6)
  2 nagas (Lair:4)
  Edmund (D:5)
  An acid dragon (D:11)
  9 water moccasins
  8 porcupines
  2 ice beasts
  2 black bears
  40 orc warriors
  A sky beast (D:6)
  2 necrophages
  9 ogres
  2 phantoms
  13 wolves
  5 centaurs
  The ghost of Zaque the Changer, an amateur OpTm (D:3)
  8 crocodiles
  3 big kobolds
  11 bullfrogs
  2 wyvern zombies
  3 scorpions
  5 small abominations (Gauntlet)
  A water moccasin skeleton (D:9)
  5 killer bees
  10 wights
  4 electric eels
  7 howler monkeys
  5 crimson imps
  A quasit (D:5)
  2 bullfrog zombies
  2 hounds (D:5)
  4 jellies
  4 bullfrog skeletons
  A centaur skeleton (D:6)
  18 orc priests
  15 orc wizards
  2 iguanas
  Ijyb (D:3)
  A hell rat (D:8)
  15 worker ants
  A killer bee zombie (D:6)
  3 hound zombies
  2 hound skeletons (D:6)
  A howler monkey zombie (D:3)
  A worker ant zombie (D:8)
  14 gnolls
  15 adders
  A river rat (D:8)
  An adder zombie (D:2)
  An adder skeleton (D:8)
  2 worms
  3 leopard geckos
  61 orcs
  8 bats
  6 giant cockroaches
  9 goblins
  7 hobgoblins
  17 jackals
  5 quokkas
  2 ball pythons
  2 frilled lizards
  A jackal skeleton (D:4)
  7 kobolds
  2 quokka skeletons
  7 rats
  A fungus (Lair:6)
  A plant (Lair:6)
649 creatures vanquished.

Vanquished Creatures (collateral kills)
  2 yaks (Lair:1)
  2 orc warriors (Orc:1)
  2 orcs (Orc:1)
6 creatures vanquished.

Vanquished Creatures (others)
  An orc (Orc:1)
  3 fungi (Lair:3)
  10 plants
14 creatures vanquished.

Grand Total: 669 creatures vanquished

Notes
Turn   | Place    | Note
-------+----------+-------------------------------------------
     0 | D:1      | DerDa the Vine Stalker Fighter began the quest for the Orb.
     0 | D:1      | Reached XP level 1. HP: 11/11 MP: 2/2
   304 | D:1      | Reached XP level 2. HP: 14/16 MP: 4/4
   786 | D:2      | Reached skill level 1 in Spellcasting
  1002 | D:2      | Reached XP level 3. HP: 19/19 MP: 4/6
  1105 | D:2      | Gained mutation: Your natural rate of healing is unusually
                  | fast. [Vine Stalker growth]
  1105 | D:2      | Reached XP level 4. HP: 21/24 MP: 7/7
  1215 | D:2      | Reached skill level 1 in Dodging
  1231 | D:2      | Reached skill level 2 in Spellcasting
  1664 | D:3      | Reached XP level 5. HP: 25/28 MP: 9/9
  1803 | D:3      | Found a shadowy altar of Dithmenos.
  1817 | D:3      | Reached skill level 3 in Spellcasting
  1824 | D:3      | Reached XP level 6. HP: 29/32 MP: 8/11
  1841 | D:3      | Found a white marble altar of Elyvilon.
  1842 | D:3      | Found a stormy altar of Qazlal.
  1926 | D:3      | Noticed Ijyb
  1946 | D:3      | Killed Ijyb
  2223 | D:3      | Found a runed translucent gate.
  2223 | D:3      | Found a runed translucent gate.
  2223 | D:3      | Found a runed translucent gate.
  2223 | D:3      | Noticed Zaque's ghost (amateur OpTm)
  2265 | D:3      | Killed Zaque's ghost
  2401 | D:4      | Noticed Eustachio
  2414 | D:4      | Killed Eustachio
  2414 | D:4      | Reached skill level 4 in Spellcasting
  2414 | D:4      | Reached XP level 7. HP: 37/37 MP: 11/14
  3409 | D:5      | Entered Level 5 of the Dungeon
  3451 | D:5      | Noticed Edmund
  3464 | D:5      | Killed Edmund
  3489 | D:5      | Gained mutation: You have razor-sharp teeth. [Vine Stalker
                  | growth]
  3489 | D:5      | Reached XP level 8. HP: 39/42 MP: 16/16
  3512 | D:5      | Reached skill level 5 in Spellcasting
  3688 | D:5      | Found a hazy altar of Hepliaklqana.
  4016 | D:5      | Found a staircase to the Ecumenical Temple.
  4305 | D:6      | Reached skill level 6 in Spellcasting
  4332 | Temple   | Entered the Ecumenical Temple
  4426 | Temple   | Became a worshipper of Warmaster Okawaru
  4610 | D:6      | Reached skill level 5 in Shields
  4610 | D:6      | Reached XP level 9. HP: 30/46 MP: 12/19
  4613 | D:6      | Reached skill level 5 in Fighting
  4890 | D:6      | Found Kizitups's Antique Armour Shop.
  4906 | D:6      | Bought a bloodstained chain mail for 247 gold pieces
  4916 | D:6      | Identified the +3 chain mail of Parlour Games {Dex+4
                  | Slay+4} (You bought it in a shop on level 6 of the Dungeon)
  4946 | D:6      | Noticed Menkaure
  4958 | D:6      | Killed Menkaure
  4958 | D:6      | Reached * piety under Okawaru
  4976 | D:6      | Found Meschoce's Weapon Boutique.
  4987 | D:6      | Reached skill level 7 in Spellcasting
  5040 | D:6      | Found a sacrificial altar of Ru.
  5096 | D:6      | Found a shattered altar of Ashenzari.
  5173 | D:6      | Found a hide-covered altar of Uskayaw.
  5540 | D:7      | Reached skill level 5 in Armour
  5619 | D:7      | Reached ** piety under Okawaru
  5929 | D:7      | Reached skill level 8 in Spellcasting
  5929 | D:7      | Reached XP level 10. HP: 53/53 MP: 21/23
  6114 | D:8      | Noticed a manticore
  6120 | D:8      | Killed a manticore
  6281 | D:8      | Found Wufonump's Food Boutique.
  6290 | D:8      | Reached *** piety under Okawaru
  6391 | D:8      | Noticed a death yak
  6393 | D:8      | Found a staircase to the Lair.
  6393 | D:8      | Noticed a death yak
  6393 | D:8      | Noticed a death yak
  6415 | D:8      | Killed a death yak
  6415 | D:8      | Reached skill level 9 in Spellcasting
  6435 | D:8      | Killed a death yak
  6435 | D:8      | Reached **** piety under Okawaru
  6435 | D:8      | Reached skill level 5 in Dodging
  6460 | D:7      | Killed a death yak
  6460 | D:7      | Reached XP level 11. HP: 19/58 MP: 19/25
  6954 | D:9      | Noticed a two-headed ogre
  6963 | D:9      | Killed a two-headed ogre
  6982 | D:9      | Noticed a two-headed ogre
  7000 | D:9      | Killed a two-headed ogre
  7000 | D:9      | Reached ***** piety under Okawaru
  7000 | D:9      | Received a gift from Okawaru
  7000 | D:9      | Reached skill level 10 in Spellcasting
  7295 | D:9      | Found Irown's Book Shoppe.
  7379 | D:9      | Found the +9 sword of Zonguldrok {reap}
  7632 | D:10     | Entered Level 10 of the Dungeon
  7973 | D:10     | Found a portal to a secret trove of treasure.
  8468 | D:11     | Noticed a two-headed ogre
  8497 | D:11     | Killed a two-headed ogre
  8564 | D:11     | Found a staircase to the Orcish Mines.
  8774 | D:11     | Noticed a two-headed ogre
  8786 | D:11     | Killed a two-headed ogre
  8813 | D:11     | Gained mutation: You heal very quickly. [Vine Stalker
                  | growth]
  8813 | D:11     | Reached XP level 12. HP: 31/63 MP: 27/27
  8964 | D:11     | Reached skill level 11 in Spellcasting
  9079 | Lair:1   | Entered Level 1 of the Lair of Beasts
  9118 | Lair:1   | Received a gift from Okawaru
  9131 | Lair:1   | Got a pitted cloak {god gift}
  9141 | Lair:1   | Identified the +1 cloak of Okawaru's Envy {*Corrode +Fly
                  | MR++} (Okawaru gifted it to you on level 1 of the Lair of
                  | Beasts)
  9515 | Lair:1   | Noticed a seven-headed hydra
  9526 | Lair:1   | Killed a seven-headed hydra
 10180 | Lair:2   | Noticed a seven-headed hydra
 10185 | Lair:2   | Killed a seven-headed hydra
 10741 | Lair:3   | Noticed a six-headed hydra
 10752 | Lair:3   | Killed a six-headed hydra
 10752 | Lair:3   | Reached skill level 12 in Spellcasting
 10930 | Lair:3   | Reached ****** piety under Okawaru
 10930 | Lair:3   | Reached XP level 13. HP: 67/69 MP: 30/30
 10981 | Lair:3   | Received a gift from Okawaru
 11015 | Lair:3   | Identified a +0 pair of boots of running (Okawaru gifted it
                  | to you on level 3 of the Lair of Beasts)
 11133 | Lair:3   | Reached skill level 1 in Invocations
 11143 | Lair:3   | Reached skill level 1 in Evocations
 11910 | Lair:4   | Identified a scroll of acquirement
 12010 | Lair:4   | Found a staircase to the Snake Pit.
 12122 | Lair:4   | Found a staircase to the Swamp.
 12600 | Lair:5   | Received a gift from Okawaru
 12656 | Lair:5   | Reached skill level 13 in Spellcasting
 12978 | Lair:5   | Found a runed translucent door.
 13084 | Lair:5   | Noticed an entropy weaver
 13095 | Lair:5   | Killed an entropy weaver
 13095 | Lair:5   | Reached XP level 14. HP: 62/75 MP: 26/32
 13590 | Lair:5   | Noticed an entropy weaver
 13603 | Lair:5   | Killed an entropy weaver
 13694 | Lair:5   | Noticed an entropy weaver
 13700 | Lair:5   | Killed an entropy weaver
 13707 | Lair:5   | Paralysed by you for 7 turns
 13737 | Lair:5   | Got a crude mace
 13825 | Lair:5   | Identified the +11 mace of Monutiz {crush, *Noise +Blink
                  | rPois Str+3} (You found it on level 5 of the Lair of
                  | Beasts)
 13850 | Lair:6   | Entered Level 6 of the Lair of Beasts
 13850 | Lair:6   | Found a staircase to the Slime Pits.
 13911 | Lair:5   | Received a gift from Okawaru
 13942 | Lair:5   | Got a fine chain mail {god gift}
 13952 | Lair:5   | Identified the +0 chain mail "Bewutenu" {rN+ Regen+ Slay-3
                  | SInv} (Okawaru gifted it to you on level 5 of the Lair of
                  | Beasts)
 13995 | Lair:6   | Found a viscous altar of Jiyva.
 14412 | Lair:6   | Reached skill level 5 in Invocations
 14418 | Lair:6   | Received a gift from Okawaru
 14421 | Lair:6   | Got a spiked helmet {god gift}
 14431 | Lair:6   | Identified the +3 helmet "Zamm" {Dex+4} (Okawaru gifted it
                  | to you on level 6 of the Lair of Beasts)
 14483 | Lair:6   | Reached skill level 14 in Spellcasting
 14516 | Lair:6   | Reached skill level 10 in Shields
 14611 | Lair:6   | Reached XP level 15. HP: 66/80 MP: 34/34
 14642 | Lair:6   | Reached skill level 10 in Fighting
 15248 | Orc:1    | Entered Level 1 of the Orcish Mines
 15266 | Orc:1    | Noticed Erica
 15273 | Orc:1    | Killed Erica
 15279 | Orc:1    | Reached skill level 5 in Evocations
 15281 | Orc:1    | Noticed Snorg
 15322 | D:11     | Killed Snorg
 15690 | Orc:1    | Found a runed translucent door.
 15690 | Orc:1    | Noticed Piotekh's ghost (journeyman MiFi)
 15856 | Orc:2    | Entered Level 2 of the Orcish Mines
 15858 | Orc:2    | Noticed Saint Roka
 15864 | Orc:2    | Noticed an orc warlord
 15972 | Orc:1    | Killed an orc warlord
 15992 | Orc:1    | Received a gift from Okawaru
 16032 | Orc:1    | Killed Saint Roka
 16248 | Orc:2    | Found Utadwoacs's General Store.
 16278 | Orc:2    | Found Doteel's Distillery.
 16350 | Orc:2    | Bought a potion of degeneration for 16 gold pieces
 16350 | Orc:2    | Bought a potion of agility for 64 gold pieces
 16350 | Orc:2    | Bought a potion of mutation for 128 gold pieces
 16352 | Orc:2    | Bought a scroll of identify for 20 gold pieces
 16486 | Orc:2    | Found a staircase to the Elven Halls.
 16719 | Orc:2    | Found Nitecsi's Antique Weapon Shop.
 16832 | Orc:2    | Received a gift from Okawaru
 16888 | Orc:2    | Paralysed by an orc sorcerer for 4 turns
 17245 | Orc:2    | Found Riwauhirch's Antique Armour Shoppe.
 17245 | Orc:2    | Found a one-way gate leading to the halls of Pandemonium.
 17245 | Orc:2    | Found Itixaurr's Book Emporium.
 17247 | Orc:2    | Bought a shiny shield for 255 gold pieces
 17247 | Orc:2    | Bought a fine ring mail for 306 gold pieces
 17446 | Orc:2    | Identified the +5 ring mail of the Doldrums {rPois rN+
                  | Str-4} (You bought it in a shop on level 2 of the Orcish
                  | Mines)
 17564 | Orc:1    | Killed Piotekh's ghost
 17564 | Orc:1    | Reached skill level 15 in Spellcasting
 17648 | D:12     | Reached XP level 16. HP: 87/87 MP: 36/36
 17650 | D:12     | Noticed Erolcha
 17657 | D:12     | Killed Erolcha
 17732 | D:12     | Found a gate leading to a gauntlet.
 17735 | D:12     | Noticed Josephine
 17751 | D:12     | Killed Josephine
 17810 | Gauntlet | Entered a Gauntlet
 17810 | Gauntlet | Found a transporter.
 17810 | Gauntlet | Found a transporter.
 17814 | Gauntlet | Found a transporter.
 17814 | Gauntlet | Found a transporter.
 17828 | Gauntlet | Found a transporter.
 17836 | Gauntlet | Found a transporter.
 17836 | Gauntlet | Found a transporter.
 17840 | Gauntlet | Found a transporter.
 17867 | Gauntlet | Found a transporter.
 17875 | Gauntlet | Found a transporter.
 17945 | Gauntlet | Found a transporter.
 17987 | Gauntlet | Found a transporter.
 18013 | Gauntlet | Found a transporter.
 18039 | Gauntlet | Identified the Reference Book on the Arsonist and Beguiling
 18085 | Gauntlet | Got a steaming brass ring
 18113 | Gauntlet | Identified the cursed +2 flail of the Kidney {crush, Str+3
                  | Stlth+}
 18139 | Gauntlet | HP: 3/87 [minotaur/silver javelin (3)]
 18150 | Gauntlet | Hit by a silver javelin thrown by a minotaur

Levels and vault maps discovered:
D:1:      dpeg_arrival_pond, layout_loops_ring
D:2:      minmay_general_purpose_star, layout_loops_ring, serial_forest,
          infiniplex_forest_zigzag_2, infiniplex_forest_zigzag_1,
          infiniplex_forest_lined_ring, infiniplex_forest_corner_2, hex_tiny
D:3:      layout_rooms, nicolae_dithmenos_through_a_glass_darkly,
          gammafunk_temple_overflow_statue, gammafunk_ghost_necromancy,
          uniq_ijyb
D:4:      layout_basic, serial_co_window_serial, co_window_paths_b,
          co_window_paths_a, co_window_paths_a, co_window_corner_a,
          co_window_of_opportunity_a, co_window_unsneaky_path_b,
          co_window_unsneaky_path_b, co_window_broadway_b, co_window_cross_3,
          co_window_corner_ca, co_window_sun, co_window_paths_e,
          glass_columns_a, first_ration, uniq_eustachio
D:5:      layout_loops_corners, marbit_many_paths,
          minmay_temple_entry_from_below_a, uniq_edmund
D:6:      layout_basic, eat_drink_and_be_merry_uskayaw,
          nicolae_ru_the_path_less_chosen, serial_shops, shop_coins, shop,
          basic_altar, kennysheep_generic_room_11, uniq_menkaure
D:7:      layout_loops_ring, the_bakery
D:8:      minmay_distorted_concentric_squares, layout_loops_ring,
          dpeg_lair_monsters, serial_shops, nicolae_shop_waterfront
D:9:      layout_basic, serial_shops, kennysheep_mini_moat
D:10:     layout_basic, enter_trove_1, minmay_misc_feat_ornament,
          serial_bayou_lake_a
D:11:     layout_rooms, david_orc_3, nooodl_food_tri
D:12:     layout_irregular_city, gauntlet_entry_generic,
          ebering_dispersal_statue_hall, uniq_erolcha, uniq_maurice,
          uniq_psyche, uniq_josephine
Temple:   regret_index_temple_sphere_string
Lair:1:   layout_regular_city, beast_lair_carwin_2
Lair:2:   layout_chaotic_city, grunt_megastairs_5, infiniplex_staircase_pool
Lair:3:   layout_concentric_octagons, st_stairs_9, beast_lair_carwin_6,
          infiniplex_staircase_pool_2
Lair:4:   layout_hall_layers, skrybe_swamp_entry_bodies,
          guppyfry_snake_entry_island, forest_entry_grove
Lair:5:   gammafunk_mikee_crab_dinner, layout_misc_corridors
Lair:6:   evilmike_catoblepas_cave, layout_cave_shapes, slime_altar_1
Orc:1:    layout_diamond_mine, ebering_ghost_reflecting_pool, nooodl_orcs_dogs,
          uniq_snorg, uniq_erica
Orc:2:    pf_orc_diabolical, layout_caves, serial_shops,
          nicolae_shop_behind_doors, nicolae_orc_crystal_geode, uniq_saint_roka
Gauntlet: gammafunk_gauntlet_branching [gammafunk_gauntlet_arena_chambers,
          nicolae_gauntlet_arena_grate_2, gammafunk_gauntlet_arena_corners,
          gammafunk_gauntlet_arena_hedges, gammafunk_gauntlet_arena_teeth,
          nicolae_gauntlet_arena_flowing_pool, nicolae_gauntlet_arena_quarters,
          nicolae_gauntlet_swirl, gauntlet_exit_hidden_loot]

Skill      XL: |  1  2  3  4  5  6  7  8  9 10 11 12 13 14 15 16 |
---------------+-------------------------------------------------+-----
Spellcasting   | 1 2 3 4 6 8 9 10 12 13 14 15 | 15.1
Shields        | 3 4 5 6 7 8 9 10 | 10.7
Fighting       | 3 4 5 6 7 8 9 11 | 11.2
Dodging        | 1 2 3 4 5 6 7 8 9 |  9.2
Armour         | 3 4 5 6 7 8 9 |  9.8
Invocations    | 3 5 6 |  6.8
Evocations     | 3 4 5 6 |  6.1
Long Blades    | |  1.7

Action                   |  1- 3 |  4- 6 |  7- 9 | 10-12 | 13-15 | 16-18 || total
-------------------------+-------+-------+-------+-------+-------+-------++-------
Melee: Long sword        |    62 |   133 |    46 |       |       |       ||   241
       Bite              |    17 |    55 |   118 |   253 |   619 |    75 ||  1137
       Unarmed           |       |    12 |       |       |       |       ||    12
       Flail             |       |       |   181 |       |       |       ||   181
       Whip              |       |       |    81 |   144 |   331 |       ||   556
       Falchion          |       |       |    13 |   313 |       |       ||   326
       Double sword      |       |       |       |    19 |    95 |       ||   114
       Mace              |       |       |       |       |   576 |   103 ||   679
 Fire: Hunting sling     |       |       |       |     7 |       |       ||     7
Throw: Throwing net      |       |       |       |     1 |       |       ||     1
Invok: Heroism           |       |       |       |     2 |     4 |     1 ||     7
       Finesse           |       |       |       |       |     4 |     1 ||     5
Evoke: Box of beasts     |       |       |       |       |       |     2 ||     2
       Fan of gales      |       |       |       |       |       |     1 ||     1
  Use: Scroll            |       |       |     7 |     2 |    12 |       ||    21
 Stab: Petrified         |       |       |       |       |     4 |       ||     4
       Distracted        |       |       |       |       |     1 |       ||     1
  Eat: Chunk             |     1 |     4 |    12 |    15 |    24 |     2 ||    58
Armor: Scale mail        |    48 |    56 |    85 |       |       |       ||   189
       Skin              |       |     3 |       |       |     1 |       ||     4
       Chain mail        |       |       |    33 |   190 |   635 |    31 ||   889
Dodge: Dodged            |    15 |    62 |   130 |   196 |   637 |    29 ||  1069
Block: Shield            |    39 |    63 |   190 |   293 |   973 |    61 ||  1619
       Rpst.: Long sword |     4 |    15 |     3 |       |       |       ||    22
       Falchion          |       |       |     1 |    18 |       |       ||    19
       Double sword      |       |       |       |     7 |    13 |       ||    20

Table legend:
 A = Non-vault XP
 B = Vault XP
 C = Vault XP percentage of total XP
 D = Non-vault monster count
 E = Vault monster count
 F = Vault count percentage of total count
                 A         B        C        D         E       F
            +---------+---------+-------+---------+---------+-------
      Total |   65705 |   71075 |  52.0 |     435 |     218 |  33.4
            +---------+---------+-------+---------+---------+-------
        D:1 |      12 |       0 |   0.0 |       7 |       0 |   0.0
        D:2 |     115 |      21 |  15.4 |      26 |       4 |  13.3
        D:3 |     220 |     197 |  47.2 |      24 |       6 |  20.0
        D:4 |     255 |     196 |  43.5 |      10 |       1 |   9.1
        D:5 |     805 |     203 |  20.1 |      34 |       2 |   5.6
        D:6 |    1225 |     185 |  13.1 |      27 |       2 |   6.9
        D:7 |    1196 |    1087 |  47.6 |      23 |       2 |   8.0
        D:8 |    1280 |    3122 |  70.9 |      22 |      15 |  40.5
        D:9 |    3517 |       0 |   0.0 |      17 |       0 |   0.0
       D:10 |     487 |       0 |   0.0 |      10 |       0 |   0.0
       D:11 |    3138 |    3060 |  49.4 |      31 |      11 |  26.2
       D:12 |    3398 |    3126 |  47.9 |      15 |       7 |  31.8
     Lair:1 |    4165 |    1447 |  25.8 |      14 |       4 |  22.2
     Lair:2 |    3709 |       0 |   0.0 |      16 |       0 |   0.0
     Lair:3 |    6008 |    4241 |  41.4 |      20 |      12 |  37.5
     Lair:4 |    6679 |    1987 |  22.9 |      25 |      11 |  30.6
     Lair:5 |    9603 |   10941 |  53.3 |      26 |      12 |  31.6
     Lair:6 |   12022 |   10939 |  47.6 |      35 |      23 |  39.7
      Orc:1 |    6408 |    9741 |  60.3 |      48 |      22 |  31.4
      Orc:2 |    1463 |   18028 |  92.5 |       5 |      71 |  93.4
   Gauntlet |       0 |    2554 | 100.0 |       0 |      13 | 100.0
            +---------+---------+-------+---------+---------+-------
